 Dungeon Crawl Stone Soup version 0.31-a0-640-g39d97e502b (webtiles) character file.

Game seed: 4888816382495523670

5385 rvierbuc the Trooper (level 10, -2/79 HPs)
             Began as a Demonspawn Gladiator on Aug 28, 2023.
             Was a High Priest of Lugonu.
             Succumbed to Amaemon's poison
             ... on level 8 of the Dungeon.
             The game lasted 00:21:54 (7606 turns).

rvierbuc the Trooper (Demonspawn Gladiator)         Turns: 7606, Time: 00:21:55

Health: -2/79      AC: 21    Str: 18    XL:     10   Next: 39%
Magic:  10/10      EV: 13    Int: 12    God:    Lugonu [*****.]
Gold:   1260       SH:  5    Dex: 15    Spells: 9/9 levels left

rFire   . . .        i - +1 hand axe (heavy)
rCold   + . .        (no shield)
rNeg    . . .        s - +2 plate armour {rC+}
rPois   .            c - +0 helmet
rElec   .            o - +0 cloak
rCorr   .            L - +2 pair of gloves
SInv    .            P - +0 pair of boots {Fly}
Will    .....        x - amulet of reflection Stlth
                     m - +5 ring of evasion
HPRegen 0.33/turn    (no ring)
MPRegen 0.12/turn

%: reflection
@: lethally poisoned (-2 -> -48), flying, slowed, very slow
A: hooves 1, foul stench 1, spiny 2, big brain 1
a: Renounce Religion, Depart the Abyss, Banish, Corrupt, Enter the Abyss


You were on level 8 of the Dungeon.
You worshipped Lugonu.
Lugonu was extremely pleased with you.
You visited 1 branch of the dungeon, and saw 8 of its levels.
You also visited: Bailey.

You collected 1260 gold pieces.

Inventory:

Hand Weapons
 a - a +0 war axe
 i - a +1 heavy hand axe (weapon)
 k - a +3 sling
 v - the +6 war axe of Saell {holy, rF+}
   (You found it on level 4 of the Dungeon)

   rF+:       It protects you from fire.
Missiles
 d - 2 throwing nets
 e - a javelin
 z - 2 curare-tipped darts (quivered)
 M - 11 boomerangs
Armour
 b - a +0 leather armour
 c - a +0 helmet (worn)
 o - a +0 cloak (worn)
 s - a +2 plate armour of cold resistance (worn)
 C - a +0 pair of boots
 E - the +1 leather armour of Cloud Cover {Will- Str+8 Dex-5 Stlth+}
   (You found it on level 6 of the Dungeon)

   Str+8:     It affects your strength (+8).
   Dex-5:     It affects your dexterity (-5).
   Will-:     It decreases your willpower.
   Stlth+:    It makes you more stealthy.
 L - a +2 pair of gloves (worn)
 P - a +0 pair of boots of flying (worn)
Jewellery
 g - an amulet of guardian spirit
 m - a +5 ring of evasion (left hand)
 u - a ring of protection from cold
 w - an amulet of magic regeneration
 x - an amulet of reflection (around neck)
 O - a ring of flight
Wands
 A - a wand of flame (9)
 J - a wand of quicksilver (6)
 N - a wand of charming (8)
Scrolls
 h - 5 scrolls of identify {unknown}
 n - a scroll of vulnerability {unknown}
 p - 4 scrolls of teleportation {unknown}
 r - a scroll of enchant weapon {unknown}
 t - a scroll of immolation
 y - a scroll of noise {unknown}
 B - a scroll of amnesia {unknown}
 F - a scroll of enchant armour {unknown}
 K - a scroll of revelation {unknown}
 Q - a scroll of fear {unknown}
 S - a scroll of silence {unknown}
 T - a scroll of blinking {unknown}
Potions
 f - 4 potions of heal wounds {unknown}
 j - a potion of berserk rage {unknown}
 l - 4 potions of enlightenment
 q - 2 potions of might {unknown}
 D - 3 potions of curing {unknown}
 G - a potion of degeneration {unknown}
 H - 3 potions of lignification {unknown}
 I - 2 potions of brilliance {unknown}
 R - a potion of mutation {unknown}


   Skills:
 + Level 7.4 Fighting
 + Level 7.0 Axes
 + Level 6.7 Throwing
 + Level 5.5 Armour
 + Level 7.1 Dodging


You had 9 spell levels left.
You didn't know any spells.
Your spell library contained the following spells:

 Spells                   Type           Power      Damage    Failure   Level
 Sandblast                Erth           0%         2d4       100%        1
 Blink                    Tloc           0%         N/A       100%        2
 Lesser Beckoning         Tloc           0%         N/A       100%        2
 Momentum Strike          Conj/Tloc      0%         3d8       100%        2
 Passwall                 Tmut/Erth      0%         N/A       100%        2
 Poisonous Vapours        Pois/Air       0%         N/A       100%        2
 Dazzling Flash           Conj/Hex       0%         N/A       100%        3
 Mephitic Cloud           Conj/Pois/Air  0%         N/A       100%        3
 Stone Arrow              Conj/Erth      0%         3d7       100%        3
 Agony                    Necr           0%         N/A       100%        5
 Freezing Cloud           Conj/Ice/Air   0%         6-21      100%        5
 Silence                  Hex/Air        0%         N/A       100%        5


Dungeon Overview and Level Annotations

Branches:
Dungeon (8/15)             Temple (0/1) D:4          Bailey (visited)
   Lair: D:8-11

Altars:
Ashenzari
Gozag
Makhleb
Okawaru
Ru
Trog
Vehumet
Wu Jian
Lugonu

Shops:
D:5 *   D:6 !   D:7 *

Annotations:
D:8 Amaemon


Innate Abilities, Weirdness & Mutations

You have large cloven feet.
You may rarely emit foul miasma when damaged in melee.
You are mostly covered in sharp spines.
You have an unusually large brain. (Int +2)


Message History

You barely miss Amaemon.
Amaemon is severely wounded.
You hit the scorpion but do no damage. You hit the scorpion.
You feel extremely sick.
The orange demon no longer looks unusually toxic.
You block the scorpion's attack. The scorpion is struck by your spines.
You kill the scorpion!
The scorpion's corpse disappears in a puff of smoke!
The orange demon barely misses you. Amaemon is struck by your spines.
Amaemon barely misses you. x2
Amaemon tail-slaps you but does no damage.
The scorpion barely misses you.
Amaemon mumbles some strange words.
The orange demon stings you but does no damage.
You barely miss Amaemon.
Amaemon is severely wounded.
You hit the scorpion. You slash the scorpion!
You feel very sick. The scorpion is struck by your spines.
The scorpion barely misses you.
The scorpion stings you but does no damage.
The orange demon misses you. Amaemon is struck by your spines.
Amaemon misses you. Amaemon claws you.
Amaemon tail-slaps you but does no damage.
The scorpion stings you but does no damage.
The scorpion is struck by your spines.
You kill the scorpion!
The scorpion's corpse disappears in a puff of smoke!
The orange demon stings you but does no damage.
Amaemon hits you with a -1 demon whip of venom!
* * * LOW HITPOINT WARNING * * *
You are lethally poisoned!
Amaemon claws you but does no damage. Amaemon tail-slaps you.
* * * LOW HITPOINT WARNING * * *
You are more poisoned.
Amaemon poisons you!
The scorpion stings you but does no damage.
You hit Amaemon but do no damage.
Amaemon is severely wounded.
You hit the scorpion.
You die...

#.........#♣♣..
#.######### ###
#.#
..########.#
.........#.#
..######.#.##
#....#
.#########.##
....s46@s..#
###.####.###
#.# #.# #.# #.#
#.# #.#


You could see Amaemon, an orange demon and 2 scorpions.

Vanquished Creatures
  An orc knight (Bailey)
  The ghost of Fractals the Conjurer, a novice TeCj (D:4)
  A troll (D:8)
  Grinder (D:5)
  A wyvern (D:7)
  Menkaure (D:5)
  3 water moccasins
  11 orc warriors
  2 black bears
  A sky beast (D:7)
  3 ice beasts
  An ogre (D:6)
  2 phantoms (D:5)
  2 centaurs
  3 bullfrogs
  3 kobold brigands
  2 scorpions
  2 howler monkeys
  6 hounds
  3 jellies
  5 orc priests
  2 gnoll boudas
  7 orc wizards
  6 iguanas
  6 adders
  13 gnolls
  A shadow imp (D:5)
  3 white imps
  2 worms
  2 dart slugs
  28 orcs
  3 ball pythons
  8 endoplasms
  2 giant cockroaches
  10 hobgoblins
  3 jackals (D:3)
  28 kobolds
  5 quokkas
  4 bats
  4 frilled lizards
  11 goblins
203 creatures vanquished.

Notes
Turn   | Place    | Note
-------+----------+-------------------------------------------
     0 | D:1      | rvierbuc the Demonspawn Gladiator began the quest for the
                  | Orb.
     0 | D:1      | Reached XP level 1. HP: 16/16 MP: 1/1
   122 | D:1      | Found a faded altar of an unknown god.
   142 | D:1      | Prayed at the altar of an unknown god.
   142 | D:1      | Became a worshipper of Lugonu the Unformed
   142 | D:1      | Reached * piety under Lugonu
   227 | D:1      | Gained mutation: You have an unusually large brain. (Int
                  | +2) [demonic ancestry]
   227 | D:1      | Reached XP level 2. HP: 13/22 MP: 2/2
   787 | D:1      | Reached XP level 3. HP: 25/28 MP: 1/3
  1574 | D:3      | Reached ** piety under Lugonu
  1578 | D:3      | Found an opulent altar of Gozag.
  1647 | D:3      | Found a broken altar of Ashenzari.
  1735 | D:3      | Gained mutation: You are partially covered in sharp spines.
                  | [demonic ancestry]
  1735 | D:3      | Reached XP level 4. HP: 29/34 MP: 4/4
  2109 | D:4      | Found a runed translucent door.
  2110 | D:4      | Noticed Fractals's ghost (novice TeCj)
  2113 | D:4      | Noticed a scorpion
  2121 | D:4      | Killed a scorpion
  2122 | D:4      | Reached XP level 5. HP: 24/41 MP: 3/5
  2276 | D:4      | Found a staircase to the Ecumenical Temple.
  2414 | D:4      | Reached XP level 6. HP: 36/47 MP: 4/6
  2495 | D:4      | Reached *** piety under Lugonu
  2821 | D:4      | Reached skill level 1 in Armour
  2821 | D:4      | Gained mutation: You may rarely emit foul miasma when
                  | damaged in melee. [demonic ancestry]
  2821 | D:4      | Reached XP level 7. HP: 45/54 MP: 7/7
  2995 | D:4      | Killed Fractals's ghost
  3003 | D:4      | Identified the +6 war axe of Saell {holy, rF+}
  3098 | D:5      | Entered Level 5 of the Dungeon
  3138 | D:5      | Noticed Menkaure
  3143 | D:5      | Killed Menkaure
  3187 | D:5      | Found Zin's Purification Station.
  3206 | D:5      | Gained mutation: You have large cloven feet. [demonic
                  | ancestry]
  3206 | D:5      | Reached XP level 8. HP: 61/61 MP: 8/8
  3393 | D:5      | Reached skill level 5 in Fighting
  3393 | D:5      | Reached skill level 5 in Axes
  3393 | D:5      | Reached skill level 5 in Dodging
  3427 | D:5      | Found an ornate altar of the Wu Jian Council.
  3814 | D:5      | Noticed Grinder
  3822 | D:5      | Paralysed by Grinder for 2 turns
  3829 | D:5      | Paralysed by Grinder for 2 turns
  3832 | D:5      | Killed Grinder
  4136 | D:6      | Identified the +1 leather armour of Cloud Cover {Will-
                  | Str+8 Dex-5 Stlth+}
  4193 | D:6      | Reached skill level 5 in Throwing
  4370 | D:6      | Reached **** piety under Lugonu
  4472 | D:6      | Found a bloodstained altar of Trog.
  4576 | D:6      | Gained mutation: You are mostly covered in sharp spines.
                  | [demonic ancestry]
  4576 | D:6      | Reached XP level 9. HP: 68/69 MP: 9/9
  4946 | D:6      | Found Biru's Distillery.
  5092 | D:6      | Found an iron altar of Okawaru.
  5278 | D:7      | Found a burning altar of Makhleb.
  5279 | D:7      | Found a sacrificial altar of Ru.
  5281 | D:7      | Found a radiant altar of Vehumet.
  5391 | D:7      | Found Majo's Lightly-Used Armoury.
  5401 | D:7      | Found a flagged portal.
  5409 | Bailey   | Entered a bailey
  5520 | Bailey   | Noticed an orc knight
  5633 | Bailey   | Killed an orc knight
  5650 | Bailey   | Reached skill level 5 in Armour
  5656 | Bailey   | Reached XP level 10. HP: 71/77 MP: 10/10
  6243 | D:7      | Reached ***** piety under Lugonu
  7591 | D:8      | Noticed an orange demon
  7592 | D:8      | Noticed Amaemon
  7606 | D:8      | Succumbed to Amaemon's poison

Illustrated notes

Levels and vault maps discovered:
D:1:      evilmike_arrival_fibonacci_small, layout_basic,
          ebering_ecumenical_altar_mist, minivault_26
D:2:      layout_rooms
D:3:      layout_basic, mainiacjoe_overflow_catch_the_wave
D:4:      cheibrodos_barr_body, layout_basic, minmay_temple_entry_ruins,
          ebering_ghost_inner_flame
D:5:      layout_loops_ring, zin_purify, nzn_wu_jian_contemplation,
          nicolae_figureground_pulse, uniq_grinder, uniq_menkaure
D:6:      layout_loops_ring, trog_butcher_becter, marbit_many_paths,
          serial_shops, nicolae_lakefront_shop
D:7:      layout_layer_cave, grunt_temple_overflow_open, enter_bailey_3,
          minmay_shop_damaged
D:8:      nzn_winding_woodlands_stair_cross [nzn_winding_woodlands_5x15_twine,
          nzn_winding_woodlands_center_pierced_h,
          nzn_winding_woodlands_5x15_eye, nzn_winding_woodlands_5x5_default,
          nzn_winding_woodlands_5x5_perimeter,
          nzn_winding_woodlands_5x15_crooked,
          nzn_winding_woodlands_center_triple_pond,
          nzn_winding_woodlands_5x15_lazy_stream], layout_loops_ring,
          fedhas_altar_4, mainiacjoe_overflow_alcove_2,
          lemuel_zombie_altar_yredelemnul, uniq_amaemon, uniq_jeremiah

Skill      XL: |  1  2  3  4  5  6  7  8  9 10 |
---------------+-------------------------------+-----
Throwing       | 2 3 4 5 6 |  6.7
Dodging        | 3 4 5 6 7 |  7.1
Axes           | 3 4 5 6 7 |  7.0
Fighting       | 3 4 5 6 7 |  7.4
Armour         | 1 2 3 5 |  5.5

Action                     |  1- 3 |  4- 6 |  7- 9 | 10-12 || total
---------------------------+-------+-------+-------+-------++-------
  Melee: War axe           |    62 |       |       |       ||    62
         Hand axe          |    36 |    61 |   189 |   123 ||   409
         Punch             |       |     1 |     1 |     2 ||     4
         Kick              |       |       |    12 |       ||    12
  Throw: Dart              |       |       |     1 |       ||     1
         Throwing net      |       |       |     1 |       ||     1
   Stab: Sleeping          |     1 |     1 |       |       ||     2
 Armour: Leather armour    |    20 |    12 |       |       ||    32
         Plate armour      |       |    16 |   136 |    83 ||   235
  Dodge: Dodged            |    74 |    73 |   128 |   116 ||   391
  Block: Other             |       |       |    23 |    39 ||    62
         Reflection        |       |       |     4 |     1 ||     5

Table legend: (Time is in decaauts)
 A = Elapsed time spent in this place.
 B = Non-inter-level travel time spent in this place.
 C = Inter-level travel time spent in this place.
 D = Time resting spent in this place.
 E = Time spent auto-exploring this place.
 F = Levels seen in this place.
 G = Mean time per level.
                   A        B        C        D        E       F      G
               +--------+--------+--------+--------+--------+-----+--------+
         Total |   7865 |   7294 |    571 |    226 |   5439 |   9 |  873.9 |
       Dungeon |   7424 |   6853 |    571 |    221 |   5293 |   8 |  928.0 |
        Bailey |    440 |    440 |      0 |      5 |    146 |   1 |  440.0 |
               +--------+--------+--------+--------+--------+-----+--------+

Top non-repeatable levels by time:
     D:7: 1845 daAuts
     D:1: 1147 daAuts
     D:6: 1113 daAuts
     D:5: 1064 daAuts
     D:4: 1037 daAuts
     D:3: 600 daAuts
  Bailey: 440 daAuts
     D:2: 409 daAuts
     D:8: 205 daAuts
